 Dungeon Crawl Stone Soup version 0.24.0-123-gd5b16e6ec5 (webtiles) character file.

Game seed: 2053103313237499937, levelgen mode: deterministic

10187 Goreval the Spear-Bearer (level 11, -8/87 HPs)
             Began as a Demonspawn Gladiator on Jan 9, 2020.
             Was a High Priest of Fedhas.
             Hit by a large rock thrown by a cyclops (14 damage)
             ... on level 11 of the Dungeon.
             The game lasted 00:21:52 (10694 turns).

Goreval the Spear-Bearer (Demonspawn Gladiator)    Turns: 10694, Time: 00:21:53

Health: -8/87      AC: 19    Str: 17    XL:     11   Next: 32%
Magic:  0/18       EV: 12    Int: 15    God:    Fedhas [*****.]
Gold:   606        SH:  0    Dex: 15    Spells: 6/10 levels left

rFire    + . .     SeeInvis .   a - +3 glaive (venom)
rCold    + + +     Gourm    .   (shield currently unavailable)
rNeg     . . .     Faith    .   l - +0 scale mail
rPois    .         Spirit   +   c - +1 helmet
rElec    .         Reflect  .   F - scarf {rC+ rF+}
rCorr    .         Harm     .   (no gloves)
MR       .....                  (no boots)
Stlth    ..........             v - amulet of regeneration
HPRegen  0.64/turn              E - ring of protection from cold
MPRegen  0.16/turn              I - +5 ring of intelligence

@: no status effects
A: talons 1, cold resistance 1, icemail, magic shield, freezing cloud immunity
a: Wall of Briars, Grow Ballistomycete, Overgrow, Grow Oklob, Renounce Religion


You were on level 11 of the Dungeon.
You worshipped Fedhas.
Fedhas was extremely pleased with you.
You were very hungry.

You visited 1 branch of the dungeon, and saw 11 of its levels.
You also visited: Sewer.

You collected 606 gold pieces.

Inventory:

Hand Weapons
 a - a +3 glaive of venom (weapon)
 b - a +2 spear of flaming
Missiles
 d - 2 throwing nets
 g - 253 stones (quivered)
Armour
 c - a +1 helmet (worn)
 l - a +0 scale mail (worn)
 u - a scarf of cloud immunity
 F - a scarf of resistance (worn)
Jewellery
 v - an amulet of regeneration (around neck)
 E - a ring of protection from cold (left hand)
 I - a +5 ring of intelligence (right hand)
 L - an uncursed ring of flight {unknown}
 O - an uncursed amulet of the gourmand {unknown}
 R - an uncursed ring of flight {unknown}
Wands
 h - a wand of digging (3)
 m - a wand of flame (17)
 w - a wand of iceblast (7)
 K - a wand of enslavement (8)
 M - a wand of clouds (8)
 N - a wand of acid (15)
Scrolls
 i - 5 scrolls of remove curse
 j - a scroll of fear
 k - a scroll of amnesia
 r - 10 scrolls of identify
 t - 3 scrolls of immolation
 y - 2 scrolls of fog
 B - 7 scrolls of teleportation
 C - a scroll of enchant weapon
 D - 2 scrolls of enchant armour
Potions
 e - a potion of invisibility {unknown}
 n - 2 potions of agility {unknown}
 o - 8 potions of heal wounds
 p - a potion of resistance {unknown}
 q - 4 potions of lignification {unknown}
 s - 4 potions of curing
 x - 3 potions of might {unknown}
 z - 4 potions of flight
 A - 3 potions of brilliance {unknown}
 G - 2 potions of mutation {unknown}
 H - a potion of haste
 J - a potion of degeneration {unknown}
 Q - a potion of cancellation {unknown}
Comestibles
 f - 28 rations


   Skills:
 + Level 8.5 Fighting
 * Level 11.0 Polearms
 - Level 2.0 Throwing
 - Level 5.0 Armour
 - Level 4.0 Dodging
 * Level 3.0 Translocations
 + Level 10.2 Invocations


You had 6 spell levels left.
You knew the following spells:

 Your Spells              Type           Power        Failure   Level  Hunger
n - Blink                 Tloc           N/A          36%         2    ###....
z - Call Imp              Summ           #.......     77%         2    ###....

Your spell library contained the following spells:

 Spells                   Type           Power        Failure   Level  Hunger
 Apportation              Tloc           #.....       24%         1    ##.....
 Animate Skeleton         Necr           N/A          63%         1    ##.....
 Confusing Touch          Hex            #.....       63%         1    ##.....
 Magic Dart               Conj           #...         63%         1    ##.....
 Sandblast                Erth           #.....       63%         1    ##.....
 Summon Small Mammal      Summ           #...         63%         1    ##.....
 Passwall                 Tmut/Erth      #.......     77%         2    ###....
 Slow                     Hex            #.......     77%         2    ###....
 Conjure Flame            Conj/Fire      #.......     94%         3    ####...
 Mephitic Cloud           Conj/Pois/Air  #.......     94%         3    ####...
 Stone Arrow              Conj/Erth      #.....       94%         3    ####...
 Petrify                  Tmut/Erth      #.......     100%        4    #####..
 Lee's Rapid Deconstruct  Erth           #.........   100%        5    ######.


Dungeon Overview and Level Annotations

Branches:
Dungeon (11/15)            Temple (0/1) D:5           Sewer (visited)
   Lair: D:8-11         Orc: D:9-12

Altars:
Cheibriados
Fedhas
Makhleb
Qazlal
Ru
Sif Muna
Vehumet

Shops:
D:10 :


Innate Abilities, Weirdness & Mutations

You have sharp toenails.
Your flesh is cold resistant. (rC+)
A meltable icy envelope protects you from harm. (AC +10)
When hurt, damage is shared between your health and your magic reserves.
You are immune to freezing clouds.


Message History

The cyan ugly thing gores you but does no damage.
The cyclops hits you!
Your scale mail prevents you from hitting the cyan ugly thing.
The cyan ugly thing gores you but does no damage.
You closely miss the cyan ugly thing. Your kick misses the cyan ugly thing.
The cyan ugly thing barely misses you.
The cyclops hits you but does no damage.
The cyan ugly thing gores you. The cyan ugly thing shocks you!
You barely miss the cyan ugly thing. Your kick misses the cyan ugly thing.
The cyclops hits you! The cyan ugly thing closely misses you.
The crimson imp picks up a beetle and eats it.
The crimson imp blinks!
The cyclops throws a large rock.
The large rock hits you.
You see here a large rock.
The cyclops throws a large rock.
The large rock hits you!!!
* * * LOW HITPOINT WARNING * * *
You see here a large rock.
The cyclops throws a large rock.
The large rock hits you!
You die...
Fedhas appreciates your contribution to the ecosystem.

##..## ##### #...#
##...###
#...###......##
#####..##........##
###.................#
.....................#
................>....#
....................##
##########..@......##
#..u(....## #.......##
. #.......## ...
##..>#.(.##.....
#.####.C....... ###
##........ ........>
..........


You could see a cyan ugly thing and a cyclops.

Vanquished Creatures
  Erolcha (D:9)
  3 two-headed ogres
  A troll (D:9)
  A polar bear (D:8)
  A queen bee (D:10)
  2 hippogriffs
  A yak (D:8)
  A wyvern (D:9)
  Menkaure (D:5)
  2 water moccasins
  2 orc warriors
  5 sky beasts
  5 ice beasts
  3 phantoms
  A black bear (D:6)
  2 ogres
  8 centaurs
  A wolf (D:8)
  2 big kobolds (Sewer)
  7 bullfrogs
  A wyvern zombie (D:7)
  A scorpion (D:8)
  A wyvern skeleton (D:10)
  30 killer bees
  3 howler monkeys
  An electric eel (D:8)
  2 crimson imps
  A jelly (D:9)
  A bullfrog skeleton (D:5)
  3 hounds
  A centaur skeleton (D:4)
  3 orc priests
  12 orc wizards
  Terence (D:3)
  An iguana (D:7)
  7 worker ants
  2 hound zombies
  2 worker ant zombies
  15 adders
  A howler monkey skeleton (D:4)
  6 river rats (Sewer)
  2 white imps (D:8)
  A howler monkey simulacrum (D:8)
  2 worker ant simulacra (D:8)
  An ufetubus (D:8)
  An ooze (Sewer)
  2 adder skeletons
  2 worms (D:2)
  A dart slug (D:5)
  An adder simulacrum (D:8)
  13 leopard geckos
  35 orcs
  4 ball pythons
  7 giant cockroaches
  5 goblins
  5 hobgoblins
  8 jackals
  18 kobolds
  3 quokkas
  7 bats
  10 frilled lizards
  A leopard gecko skeleton (D:5)
  A quokka skeleton (D:4)
  2 quokka zombies
  27 rats
304 creatures vanquished.

Vanquished Creatures (collateral kills)
  4 killer bees
  An orc priest (D:6)
  3 orcs (D:6)
  A jackal (D:6)
9 creatures vanquished.

Grand Total: 313 creatures vanquished

Notes
Turn   | Place    | Note
-------+----------+-------------------------------------------
     0 | D:1      | Goreval the Demonspawn Gladiator began the quest for the
                  | Orb.
     0 | D:1      | Reached XP level 1. HP: 16/16 MP: 1/1
   669 | D:1      | Gained mutation: Your flesh is cold resistant. (rC+)
                  | [demonic ancestry]
   669 | D:1      | Reached XP level 2. HP: 22/22 MP: 2/2
   814 | D:2      | Reached skill level 3 in Polearms
   991 | D:2      | Gained mutation: You have sharp toenails. [demonic
                  | ancestry]
   991 | D:2      | Reached XP level 3. HP: 23/28 MP: 3/3
  1355 | D:2      | Found a stormy altar of Qazlal.
  1473 | D:2      | Found a snail-covered altar of Cheibriados.
  1598 | D:3      | Found a blossoming altar of Fedhas.
  1836 | D:3      | Noticed Terence
  1843 | D:3      | Killed Terence
  1843 | D:3      | Reached skill level 1 in Armour
  1843 | D:3      | Reached XP level 4. HP: 26/34 MP: 4/4
  2267 | D:3      | Became a worshipper of Fedhas Madash
  2515 | D:4      | Reached XP level 5. HP: 40/40 MP: 5/5
  2596 | D:4      | Reached skill level 4 in Polearms
  2739 | D:4      | Found a glowing drain.
  2748 | D:4      | Reached skill level 1 in Invocations
  2782 | Sewer    | Entered a sewer
  2795 | Sewer    | Reached * piety under Fedhas
  3005 | Sewer    | Gained mutation: You are immune to freezing clouds.
                  | [demonic ancestry]
  3005 | Sewer    | Reached XP level 6. HP: 47/47 MP: 7/7
  3190 | Sewer    | Reached ** piety under Fedhas
  3970 | D:4      | Found a faded altar of an unknown god.
  3970 | D:4      | Found a burning altar of Makhleb.
  3975 | D:4      | Found a faded altar of an unknown god.
  3978 | D:4      | Found a shimmering blue altar of Sif Muna.
  3979 | D:4      | Found a blossoming altar of Fedhas.
  3993 | D:4      | Reached skill level 5 in Polearms
  3993 | D:4      | Reached XP level 7. HP: 53/53 MP: 7/9
  4078 | D:5      | Entered Level 5 of the Dungeon
  4130 | D:5      | Found a staircase to the Ecumenical Temple.
  4203 | D:5      | Noticed Menkaure
  4213 | D:5      | Killed Menkaure
  4610 | D:5      | Found a sacrificial altar of Ru.
  5014 | D:6      | Reached XP level 8. HP: 61/61 MP: 9/11
  5094 | D:6      | Reached skill level 6 in Polearms
  5107 | D:6      | Reached *** piety under Fedhas
  5458 | D:7      | Reached skill level 5 in Invocations
  5507 | D:7      | Reached skill level 5 in Fighting
  5664 | D:7      | Reached skill level 7 in Polearms
  5939 | D:6      | Gained mutation: A meltable icy envelope protects you from
                  | harm. (AC +10) [demonic ancestry]
  5939 | D:6      | Reached XP level 9. HP: 53/68 MP: 13/13
  6221 | D:6      | Reached **** piety under Fedhas
  6718 | D:7      | Found Acoapsel's Antique Armour Shoppe.
  7217 | D:7      | Reached skill level 8 in Polearms
  7527 | D:8      | Reached skill level 5 in Armour
  7691 | D:8      | Noticed a polar bear
  7700 | D:8      | Killed a polar bear
  7935 | D:8      | Noticed a two-headed ogre
  7944 | D:8      | Killed a two-headed ogre
  7944 | D:8      | Reached skill level 9 in Polearms
  7944 | D:8      | Gained mutation: When hurt, damage is shared between your
                  | health and your magic reserves. [demonic ancestry]
  7944 | D:8      | Reached XP level 10. HP: 73/79 MP: 14/16
  7971 | D:8      | Found a radiant altar of Vehumet.
  8247 | D:8      | Noticed a two-headed ogre
  8281 | D:8      | Killed a two-headed ogre
  8330 | D:8      | Reached ***** piety under Fedhas
  8808 | D:9      | Reached skill level 10 in Polearms
  8888 | D:9      | Noticed Erolcha
  8905 | D:9      | Killed Erolcha
  9008 | D:9      | Learned a level 2 spell: Blink
  9013 | D:9      | Learned a level 2 spell: Call Imp
  9571 | D:10     | Entered Level 10 of the Dungeon
  9596 | D:10     | Reached XP level 11. HP: 86/86 MP: 18/18
  9710 | D:10     | Reached skill level 1 in Translocations
  9905 | D:10     | Reached skill level 10 in Invocations
  9973 | D:10     | Found Oxkazxoxt's Book Emporium.
 10066 | D:10     | Noticed a two-headed ogre
 10077 | D:10     | Killed a two-headed ogre
 10563 | D:11     | Reached skill level 11 in Polearms
 10681 | D:11     | Noticed a cyan ugly thing
 10694 | D:11     | Hit by a large rock thrown by a cyclops

Levels and vault maps discovered:
D:1:      minmay_arrival_open_corners, layout_basic
D:2:      layout_rooms, nicolae_overflow_crystal_walls, lemuel_round_altar
D:3:      layout_loops_cross, first_ration, kennysheep_cross_bottleneck,
          fedhas_ov_isle_minmay, uniq_terence
D:4:      layout_loops_ring, chequers_temple_overflow_minitemple,
          portal_sewer_entry_f
D:5:      layout_loops_ring, nicolae_ru_great_annihilating_truth,
          minmay_temple_entry_purple_smoke, uniq_menkaure
D:6:      layout_cave_pods, hangedman_decor_push, minmay_holes
D:7:      layout_basic, serial_shops, shop
D:8:      layout_loops_cross, kennysheep_little_box, serial_ice, serial_ice_k,
          serial_ice_c, serial_ice_n, serial_ice_m, serial_ice_a, serial_ice_d
D:9:      layout_small_grid, uniq_erolcha
D:10:     layout_roguey [special_room_bee], serial_shops, shop_fountains
D:11:     layout_cave_pods, erik_lair_orcish_takeover, serial_shops, shop_coins

Skill      XL: |  1  2  3  4  5  6  7  8  9 10 11 |
---------------+----------------------------------+-----
Throwing       | 2 |  2.0
Polearms       | 3 4 5 7 9 10 11 | 11.0
Dodging        | 3 4 |  4.0
Armour         | 1 2 3 4 5 |  5.0
Fighting       | 3 4 5 7 8 |  8.5
Invocations    | 1 2 4 5 8 9 10 | 10.2
Translocations | 3 |  3.0

Action                   |  1- 3 |  4- 6 |  7- 9 | 10-12 || total
-------------------------+-------+-------+-------+-------++-------
Melee: Trident           |    25 |       |       |       ||    25
       Spear             |    83 |   253 |   281 |       ||   617
       Kick              |     7 |    50 |    96 |    54 ||   207
       Glaive            |     1 |       |   127 |   264 ||   392
Throw: Stone             |    42 |    46 |   132 |    46 ||   266
       Throwing net      |     1 |       |       |       ||     1
Invok: Wall of Briars    |       |       |     2 |     1 ||     3
  Use: Scroll            |       |     3 |       |    11 ||    14
       Potion            |       |       |     1 |     2 ||     3
 Stab: Distracted        |       |       |     1 |       ||     1
  Eat: Chunk             |     3 |     7 |    13 |     5 ||    28
       Ration            |       |       |       |     1 ||     1
Armor: Leather armour    |     3 |       |       |       ||     3
       Scale mail        |    29 |    81 |   156 |   229 ||   495
Dodge: Dodged            |    37 |   133 |   222 |   293 ||   685
